 Dungeon Crawl Stone Soup version 0.24.0-13-gcf9b3192b9 (webtiles) character file.

Game seed: 13351308168595975425, levelgen mode: deterministic

955981 Ponchio the Bringer of Light (level 27, -3/276 HPs)
             Began as a Gargoyle Fighter on Nov 6, 2019.
             Was the Champion of the Shining One.
             Killed by divine providence
             ... invoked by a daeva
              (11 damage)
             ... in Pandemonium on Nov 8, 2019.
             The game lasted 08:59:59 (103745 turns).

Ponchio the Bringer of Light (Gargoyle Fighter)   Turns: 103745, Time: 09:00:01

Health: -3/276     AC: 56    Str: 25    XL:     27
Magic:  40/40      EV: 39    Int:  8    God:    the Shining One [******]
Gold:   8014       SH: 35    Dex: 36    Spells: 26/26 levels left

rFire    + + +     SeeInvis +   e - +9 morningstar of Responsibility {protect, Dex+3}
rCold    + + +     Gourm    .   x - +8 large shield {AC+3}
rNeg     + + +     Faith    .   l - +8 chain mail of Petinkux {*Corrode rElec rF+ rC+}
rPois    ∞         Spirit   .   c - +0 helmet of Depression {*Contam rPois MR+++ Dex+4}
rElec    +         Reflect  .   g - +1 cloak of Starlight {rElec rC+ EV+4 Stlth--}
rCorr    .         Harm     .   P - +0 pair of fencer's gloves {Riposte Dex+3}
MR       +++++     Rnd*Rage +   s - +2 pair of boots
Stlth    ..........             U - macabre finger necklace {rN+}
HPRegen  0.00/turn              W - ring "Doistiy" {rF++ Str-4 Dex+4 Stlth+}
MPRegen  0.27/turn              G - ring "Tose" {rElec Str+4 Int-2 Slay+5 Stlth+}
                                H - ring "Yrulue" {Dex+7 SInv}

@: berserking, about to teleport, flying, glowing, very quick
A: big wings, talons 1, berserk 1, blurry vision 3, clumsy 1, cold resistance 1,
deformed body, deterioration 2, negative energy resistance 1, screaming 1,
electricity resistance, inhibited regeneration, weak 2, unbreathing,
petrification resistance, rot immunity, subdued magic 1, MP-powered wands, AC
+20
}: 7/15 runes: decaying, demonic, glowing, magical, fiery, dark, gossamer
a: Stop Flying, Divine Shield, Cleansing Flame, Summon Divine Warrior, Renounce
Religion


You were in Pandemonium.
You worshipped the Shining One.
The Shining One was exalted by your worship.
You were not hungry.

You visited 12 branches of the dungeon, and saw 49 of its levels.
You visited Pandemonium 1 time, and saw 22 of its levels.
You visited the Abyss 1 time.
You also visited: Trove, Bailey, Gauntlet and Ice Cave.

You collected 9732 gold pieces.
You spent 1718 gold pieces at shops.

Inventory:

Hand Weapons
 e - the +9 morningstar of Responsibility (weapon) {protect, Dex+3}
   (You took it off a fire giant on level 4 of the Depths)

   It grants its wielder temporary protection when it strikes (+7 to AC).
   It affects your dexterity (+3).
 M - a +9 sacred scourge of holy wrath
 Q - the +6 sword of Cerebov {flame}
   (You took it off Cerebov in Pandemonium)

   It has been specially enchanted to burn those struck by it, causing extra
   injury to most foes and up to half again as much damage against particularly
   susceptible opponents.
   Big, fiery blades are also staple armaments of hydra-hunters.
   The Shining One disapproves of the use of such an item.
Armour
 c - the +0 helmet of Depression (worn) {*Contam rPois MR+++ Dex+4}
   (You acquired it on level 2 of the Depths)

   It affects your dexterity (+4).
   It protects you from poison.
   It affects your resistance to hostile enchantments.
   It causes magical contamination when unequipped.
 g - the +1 cloak of Starlight (worn) {rElec rC+ EV+4 Stlth--}
   (You found it on level 3 of the Elven Halls)

   It affects your evasion (+4).
   It protects you from cold.
   It insulates you from electricity.
   It makes you much less stealthy.
 l - the +8 chain mail of Petinkux (worn) {*Corrode rElec rF+ rC+}
   (You bought it in a shop on level 2 of the Orcish Mines)

   It protects you from fire.
   It protects you from cold.
   It insulates you from electricity.
   It may corrode you when you take damage.
 q - a +5 shield of reflection
 r - a +0 large shield of reflection
 s - a +2 pair of boots (worn)
 x - a +8 large shield of protection (worn)
 I - the +5 large shield "Ucsi" {Int+3}
   (You took it off a daeva in Pandemonium)

   It affects your intelligence (+3).
 P - the +0 pair of fencer's gloves (worn) {Riposte Dex+3}
   (You found it in an ice cave)

   It affects your dexterity (+3).
 T - a scarf of cloud immunity
Jewellery
 D - the ring of Knowledge {+Fly Int+5}
   (You found it on level 15 of the Dungeon)

   [ring of intelligence]

   It affects your intelligence (+5).
   It lets you fly.
 F - a +3 ring of slaying
 G - the ring "Tose" (right hand) {rElec Str+4 Int-2 Slay+5 Stlth+}
   (You found it on level 4 of the Depths)

   [ring of stealth]

   It affects your strength (+4).
   It affects your intelligence (-2).
   It affects your accuracy and damage with ranged weapons and melee attacks
   (+5).
   It insulates you from electricity.
   It makes you more stealthy.
 H - the ring "Yrulue" (on amulet) {Dex+7 SInv}
   (You found it in a Gauntlet)

   [ring of see invisible]

   It affects your dexterity (+7).
   It lets you see invisible.
 O - the ring "Qonnoumm" {+Inv rElec rN+ SInv}
   (You found it in Pandemonium)

   [ring of see invisible]

   It insulates you from electricity.
   It protects you from negative energy.
   It lets you see invisible.
   It lets you turn invisible.
 R - the ring of the Last Deaths {rC+ Dex+3 Stlth-}
   (You found it in Pandemonium)

   [ring of attention]

   It affects your dexterity (+3).
   It protects you from cold.
   It makes you less stealthy.
 U - the macabre finger necklace (around neck) {rN+}
   (You found it in a Gauntlet)

   [amulet of nothing]

   It protects you from negative energy.
 W - the ring "Doistiy" (left hand) {rF++ Str-4 Dex+4 Stlth+}
   (You found it on level 1 of the Tomb of the Ancients)

   [ring of stealth]

   It affects your strength (-4).
   It affects your dexterity (+4).
   It greatly protects you from fire.
   It makes you more stealthy.
Wands
 b - a wand of digging (39)
 p - a wand of flame (76)
 K - a wand of iceblast (74)
 L - a wand of acid (19)
 S - a wand of scattershot (4)
Scrolls
 h - 6 scrolls of fog
 i - 11 scrolls of fear
 k - 3 scrolls of holy word
 m - 16 scrolls of teleportation
 n - 42 scrolls of remove curse
 u - 3 scrolls of blinking
 v - 6 scrolls of enchant weapon
 y - 20 scrolls of identify
 A - a scroll of brand weapon
 B - 3 scrolls of silence
 Y - 16 scrolls of magic mapping
Potions
 a - 4 potions of magic
 d - 12 potions of might
 j - 11 potions of curing
 t - 7 potions of ambrosia
 w - a potion of cancellation
 z - 8 potions of resistance
 C - 9 potions of agility
 J - 5 potions of brilliance
 V - 2 potions of mutation
Miscellaneous
 o - 4 phantom mirrors
Comestibles
 f - 55 rations


   Skills:
 - Level 22.2 Fighting
 - Level 21.1 Maces & Flails
 - Level 25.2 Armour
 - Level 25.1 Dodging
 * Level 23.5 Shields
 + Level 26.9 Invocations


You had 26 spell levels left.
You didn't know any spells.
Your spell library contained the following spells:

 Spells                   Type           Power        Failure   Level  Hunger
 Animate Skeleton         Necr           N/A          75%         1    ##.....
 Apportation              Tloc           #.....       75%         1    ##.....
 Beastly Appendage        Tmut           #.....       75%         1    ##.....
 Confusing Touch          Hex            #.....       75%         1    ##.....
 Corona                   Hex            #......      75%         1    ##.....
 Flame Tongue             Conj/Fire      #....        75%         1    ##.....
 Freeze                   Ice            #...         75%         1    ##.....
 Infusion                 Chrm           #...         75%         1    ##.....
 Magic Dart               Conj           #...         75%         1    ##.....
 Pain                     Necr           #...         75%         1    ##.....
 Sandblast                Erth           #.....       75%         1    ##.....
 Shock                    Conj/Air       #...         75%         1    ##.....
 Sting                    Conj/Pois      #...         75%         1    ##.....
 Summon Butterflies       Summ           #.......     75%         1    ##.....
 Summon Small Mammal      Summ           #...         75%         1    ##.....
 Blink                    Tloc           N/A          87%         2    ###....
 Call Imp                 Summ           #.......     87%         2    ###....
 Corpse Rot               Necr           N/A          87%         2    ###....
 Ensorcelled Hibernation  Hex/Ice        #.....       87%         2    ###....
 Passwall                 Tmut/Erth      #.......     87%         2    ###....
 Poisonous Vapours        Pois/Air       #.....       87%         2    ###....
 Searing Ray              Conj           #.....       87%         2    ###....
 Shroud of Golubria       Chrm/Tloc      #.....       87%         2    ###....
 Slow                     Hex            #.......     87%         2    ###....
 Song of Slaying          Chrm           #.......     87%         2    ###....
 Sticks to Snakes         Tmut           #.......     87%         2    ###....
 Swiftness                Chrm/Air       #.......     87%         2    ###....
 Throw Frost              Conj/Ice       #.....       87%         2    ###....
 Call Canine Familiar     Summ           #.......     98%         3    ####...
 Confuse                  Hex            #.......     98%         3    ####...
 Conjure Flame            Conj/Fire      #.......     98%         3    ####...
 Dazzling Spray           Conj/Hex       #.....       98%         3    ####...
 Gell's Gravitas          Tloc           #.........   98%         3    ####...
 Ignite Poison            Fire/Tmut/Pois #.......     98%         3    ####...
 Inner Flame              Hex/Fire       #.......     98%         3    ####...
 Lesser Beckoning         Tloc           #.........   98%         3    ####...
 Mephitic Cloud           Conj/Pois/Air  #.......     98%         3    ####...
 Ozocubu's Armour         Chrm/Ice       #.......     98%         3    ####...
 Portal Projectile        Hex/Tloc       #.....       98%         3    ####...
 Regeneration             Chrm/Necr      #.........   98%         3    ####...
 Spectral Weapon          Hex/Chrm       #.......     98%         3    ####...
 Spider Form              Tmut/Pois      #.........   98%         3    ####...
 Static Discharge         Conj/Air       #.......     98%         3    ####...
 Stone Arrow              Conj/Erth      #.....       98%         3    ####...
 Summon Guardian Golem    Hex/Summ       #.......     98%         3    ####...
 Tukima's Dance           Hex            #.......     98%         3    ####...
 Vampiric Draining        Necr           #.........   98%         3    ####...
 Airstrike                Air            #.........   100%        4    #####..
 Animate Dead             Necr           N/A          100%        4    #####..
 Cause Fear               Hex            #.........   100%        4    #####..
 Force Lance              Conj/Tloc      #.......     100%        4    #####..
 Fulminant Prism          Conj/Hex       #.........   100%        4    #####..
 Ice Form                 Ice/Tmut       #.......     100%        4    #####..
 Iskenderun's Mystic Bla  Conj           #.......     100%        4    #####..
 Leda's Liquefaction      Hex/Erth       #.........   100%        4    #####..
 Olgreb's Toxic Radiance  Pois           #.......     100%        4    #####..
 Passage of Golubria      Tloc           N/A          100%        4    #####..
 Petrify                  Tmut/Erth      #.......     100%        4    #####..
 Sticky Flame             Conj/Fire      #.......     100%        4    #####..
 Summon Ice Beast         Ice/Summ       #.......     100%        4    #####..
 Summon Lightning Spire   Summ/Air       #.......     100%        4    #####..
 Throw Icicle             Conj/Ice       #.......     100%        4    #####..
 Agony                    Necr           #.......     100%        5    ######.
 Alistair's Intoxication  Tmut/Pois      #.......     100%        5    ######.
 Blade Hands              Tmut           #.........   100%        5    ######.
 Bolt of Draining         Conj/Necr      #.........   100%        5    ######.
 Bolt of Magma            Conj/Fire/Erth #.........   100%        5    ######.
 Borgnjor's Vile Clutch   Necr/Erth      #.........   100%        5    ######.
 Dispel Undead            Necr           #.......     100%        5    ######.
 Excruciating Wounds      Chrm/Necr      #.........   100%        5    ######.
 Fireball                 Conj/Fire      #.........   100%        5    ######.
 Irradiate                Conj/Tmut      #.........   100%        5    ######.
 Iskenderun's Battlesphe  Conj/Chrm      #.......     100%        5    ######.
 Lee's Rapid Deconstruct  Erth           #.........   100%        5    ######.
 Lightning Bolt           Conj/Air       #.........   100%        5    ######.
 Metabolic Englaciation   Hex/Ice        #.........   100%        5    ######.
 Silence                  Hex/Air        #.........   100%        5    ######.
 Summon Demon             Summ           #.........   100%        5    ######.
 Summon Forest            Summ/Tloc      #.........   100%        5    ######.
 Summon Mana Viper        Hex/Summ       #.......     100%        5    ######.
 Venom Bolt               Conj/Pois      #.........   100%        5    ######.
 Yara's Violent Unravell  Hex/Tmut       #.........   100%        5    ######.
 Bolt of Cold             Conj/Ice       #.........   100%        6    #######
 Conjure Ball Lightning   Conj/Air       #.........   100%        6    #######
 Darkness                 Hex            #.........   100%        6    #######
 Deflect Missiles         Chrm/Air       #.........   100%        6    #######
 Freezing Cloud           Conj/Ice/Air   #.........   100%        6    #######
 Hydra Form               Tmut           #.........   100%        6    #######
 Invisibility             Hex            #.......     100%        6    #######
 Iron Shot                Conj/Erth      #.........   100%        6    #######
 Ozocubu's Refrigeration  Ice            #.........   100%        6    #######
 Simulacrum               Ice/Necr       #.........   100%        6    #######
 Dragon Form              Tmut           #.........   100%        7    #######
 Orb of Destruction       Conj           #.........   100%        7    #######
 Ring of Flames           Chrm/Fire      #.........   100%        7    #######
 Spellforged Servitor     Conj/Summ      #.........   100%        7    #######
 Summon Hydra             Summ           #.........   100%        7    #######
 Controlled Blink         Tloc           N/A          100%        8    #######
 Discord                  Hex            #.........   100%        8    #######
 Ignition                 Fire           #.........   100%        8    #######
 Shatter                  Erth           #.........   100%        9    #######
 Tornado                  Air            #.........   100%        9    #######
 Sublimation of Blood     Necr           Unusable     N/A         2    N/A
 Statue Form              Tmut/Erth      Unusable     N/A         6    N/A

Dungeon Overview and Level Annotations

Branches:
Dungeon (15/15)            Temple (1/1) D:7            Lair (6/6) D:11
  Swamp (4/4) Lair:4       Spider (4/4) Lair:3        Slime (0/5) Lair:6
    Orc (2/2) D:10            Elf (3/3) Orc:2        Vaults (4/5) D:14
  Crypt (3/3) Vaults:2       Tomb (1/3) Crypt:3      Depths (5/5) D:15
   Hell (visited)             Dis (0/7) Hell            Geh (0/7) Hell
    Coc (0/7) Hell            Tar (0/7) Hell            Zot (0/5) Depths:5
 Bailey (visited)           IceCv (visited)         Gauntlet (visited)

Altars:
Ashenzari
Dithmenos
Fedhas
Kikubaaqudgha
Makhleb
Nemelex Xobeh
Okawaru
Qazlal
Ru
Sif Muna
Trog
Uskayaw
Vehumet
Xom
Yredelemnul
The Shining One
Beogh

Shops:
D:5 (   Orc:1 !   Orc:2 **[[   Elf:1 *   Elf:2 =}}   Elf:3 =   Vaults:3 *
Depths:2 }

Portals:
Hell: Depths:1 Depths:2 Depths:3 Depths:4 Depths:5
Abyss: Depths:1 Depths:4
Pandemonium: Depths:3
Ziggurat: Depths:1

Annotations:
Swamp:3 2 transporters, Ysuot's ghost, journeyman OpWn
Depths:4 3 runed translucent doors


Innate Abilities, Weirdness & Mutations

You are resistant to torment.
Your stone body is resilient. (AC +20)
You are immune to poison.
Your large and strong wings let you fly indefinitely.
You resist negative energy. (rN+)
You are resistant to electric shocks. (rElec)
You can survive without breathing.
You are immune to petrification.
You are immune to rotting.
You have sharp toenails.
You tend to lose your temper in combat.
Scrolls take you much longer to read.
You are clumsy. (Dex -2)
Your flesh is cold resistant. (rC+)
Armour fits poorly on your strangely shaped body.
Your body often deteriorates upon taking damage.
You occasionally shout uncontrollably at your foes.
You do not regenerate when monsters are visible.
You are very weak. (Str -4)
Your spells are a little easier to cast, but a little less powerful.
You expend magic power (3 MP) to strengthen your wands.


Message History

* * * LOW HITPOINT WARNING * * *
The daeva calls down the wrath of the Shining One upon you.
The Shining One smites you!
* * * LOW HITPOINT WARNING * * *
You continue reading the scroll.
The ophan calls forth blessed flames!
Blessed fire suddenly surrounds you! You block the daeva's attack. x2
The daeva calls down the wrath of the Shining One upon you.
The Shining One smites you! The Shining One protects you from harm!
As you read the scroll of teleportation, it crumbles to dust.
You feel strangely unstable.
A red film seems to cover your vision as you go berserk!
You feel yourself moving faster!
You feel mighty!
An angel comes into view.
It is wielding a +2 sacred scourge of holy wrath.
The ophan calls forth blessed flames!
You block the daeva's attack. x2
The daeva calls down the wrath of the Shining One upon you.
The Shining One smites you!
You die...

##### ##### ########
#≈≈≈###≈≈≈#### # .......#####
#≈≈≈≈≈≈≈≈#≈≈≈### .∩.∩.∩.'...#
##≈≈≈≈≈≈≈≈###≈≈≈
.......###.##########≈≈A≈≈≈≈≈≈≈≈≈
###'#### #.'...§@AAAG≈≈≈≈≈≈≈≈.≈≈≈
#.# #.##########≈≈≈≈≈≈≈....≈ #.#
###.# #≈≈≈≈≈≈≈.._.. ###'####.#.#
##≈≈≈≈≈≈≈...≈ [.......##[#
###≈≈≈≈≈..≈≈ #.#.#.#.'..#
##≈≈≈≈≈≈≈≈ ........#### ##≈≈≈≈≈≈≈
###'##### ####≈≈≈≈≈≈ #.#
#.≈≈≈≈≈A≈≈


You could see 2 daevas, 2 angels and an ophan.

Vanquished Creatures
  Gloorx Vloq (Pan)
  Lom Lobon (Pan)
  Mnoleg (Pan)
  17 pandemonium lords (Pan)
  2 ancient liches (Crypt:3)
  Mennas (Crypt:1)
  Mara (Vaults:2)
  A juggernaut (Depths:4)
  A greater mummy (Tomb:1)
  Bai Suzhen (Spider:4)
  Geryon (Hell)
  2 golden dragons (Depths:5)
  2 pearl dragons (Pan)
  2 bone dragons (Depths:5)
  Arachne (Spider:2)
  11 Brimstone Fiends (Pan)
  7 Tzitzimimeh
  8 tentacled monstrosities
  Jorgrun (D:13)
  14 Ice Fiends (Pan)
  5 Hell Sentinels (Pan)
  8 liches
  6 titans
  Asterion (Vaults:2)
  A deep elf master archer (Elf:3)
  2 deep elf blademasters (Elf:3)
  2 eldritch tentacles (Pan)
  28 Executioners (Pan)
  8 sphinxes
  2 thorn hunters
  Kirke (D:15)
  The ghost of Beldrama the Convoker, an adept MfSu of the Shining One (Spider:4)
  4 shadow dragons
  Roxanne (Swamp:1)
  The ghost of Honosyedgha the Warrior, an adept GrBe of Trog (Spider:3)
  A draconian monk (Depths:5)
  7 tengu reavers
  3 storm dragons
  13 fire giants
  30 daevas (Pan)
  Donald (Crypt:2)
  4 revenants
  An iron dragon (Depths:4)
  7 frost giants
  10 blood saints (Pan)
  Aizul (Vaults:2)
  4 emperor scorpions
  7 deep elf sorcerers
  12 vault wardens
  28 balrugs
  30 cacodemons (Pan)
  18 warmongers (Pan)
  2 deep elf elementalists (Elf:3)
  5 ghost moths (Spider:4)
  4 curse skulls
  6 ghouls
  13 ironheart preservers
  20 stone giants
  61 angels (Pan)
  3 war gargoyles (Crypt:3)
  3 draconian annihilators
  25 reapers
  22 very ugly things
  18 corrupters (Pan)
  41 ophanim (Pan)
  4 entropy weavers
  75 apis (Pan)
  7 deep elf annihilators
  An entropy weaver (shapeshifter) (Vaults:2)
  17 black suns (Pan)
  The ghost of Tacit the Basher, a journeyman GrMo of Gozag (Spider:4)
  6 vampire knights
  7 deep elf demonologists
  A black draconian (Depths:5)
  A red draconian (Depths:5)
  A green draconian (Depths:5)
  Azrael (D:15)
  A purple draconian (Depths:5)
  17 lorocyprocas
  25 blizzard demons
  4 eidola
  10 deep elf death magi
  8 spark wasps
  3 yellow draconians (Depths:5)
  A death ooze (Swamp:4)
  11 ettins
  A merfolk impaler (Depths:2)
  28 green deaths
  9 fire dragons
  9 mummy priests (Tomb:1)
  4 jiangshi
  A quicksilver dragon zombie (Hell)
  16 yaktaur captains
  8 deep elf high priests
  5 ice dragons
  3 great orbs of eyes
  15 monstrous demonspawn (Pan)
  7 vault guards
  3 rakshasas
  13 hydras
  A spriggan air mage (Depths:2)
  13 centaur warriors
  A ghost crab (Swamp:4)
  A naga warrior (D:15)
  2 shambling mangroves
  12 hell beasts
  5 death knights
  Erica (D:11)
  29 dancing weapons
  49 two-headed ogres
  17 alligators
  15 ogre magi
  24 death scarabs (Tomb:1)
  5 vampire magi
  11 deep troll shamans
  13 deep troll earth magi
  12 death yaks
  A thrashing horror (Swamp:4)
  9 tengu warriors
  10 hell hogs
  A titan zombie (Hell)
  85 sun demons
  9 orc high priests
  99 soul eaters
  32 deep elf knights
  3 shock serpents (Pan)
  31 sixfirhies (Pan)
  10 shadow wraiths
  25 skeletal warriors
  23 cherubim (Pan)
  6 iron trolls
  A storm dragon skeleton (Pan)
  A glowing orange brain (shapeshifter) (Depths:2)
  34 deep trolls
  3 hell knights (Depths:3)
  10 torturous demonspawn (Pan)
  A golden dragon zombie (Hell)
  6 wizards
  3 unseen horrors
  A naga ritualist (D:15)
  7 swamp dragons
  21 gelid demonspawn (Pan)
  4 glowing orange brains
  A salamander mystic (Depths:3)
  A shadow dragon zombie (Crypt:3)
  7 spriggan druids
  20 deep elf archers
  A lindwurm (shapeshifter) (Vaults:2)
  20 shadow demons (Pan)
  A kraken simulacrum (Hell)
  A golden dragon skeleton (Crypt:3)
  A lindwurm (Lair:4)
  8 flayed ghosts
  16 orc knights
  16 phantasmal warriors
  48 ugly things
  15 infernal demonspawn (Pan)
  4 anaconda skeletons
  A wolf spider zombie (D:15)
  5 harpies
  4 necromancers
  58 deep elf magi
  An orb spider (shapeshifter) (Vaults:4)
  Pikel (D:6)
  A fire giant zombie (Hell)
  38 wolf spiders
  5 orc sorcerers
  12 ironbrand convokers
  24 orb spiders
  3 centaur zombies
  3 moths of wrath
  4 salamanders (Depths:3)
  3 shining eyes (Pan)
  9 cyclopes
  A shadow dragon skeleton (Hell)
  3 manticores
  10 fire giant skeletons
  2 black mambas (shapeshifter)
  2 dire elephant zombies
  An iron dragon skeleton (Pan)
  A toenail golem (Pan)
  5 elephants (Lair:6)
  3 stone giant skeletons
  A titan simulacrum (Crypt:1)
  An eye of devastation (shapeshifter) (Elf:1)
  10 black mambas
  An apocalypse crab (Gauntlet)
  A guardian serpent (Lair:6)
  A molten gargoyle (Hell)
  4 eyes of devastation
  4 gargoyles (Crypt:3)
  An ice statue (IceCv)
  A frost giant skeleton (Tomb:1)
  6 torpor snails
  Joseph (D:10)
  11 vault sentinels
  36 orange demons
  Psyche (D:11)
  2 naga magi (D:15)
  84 smoke demons
  2 dire elephant skeletons
  32 spiny frogs
  24 freezing wraiths
  A pale draconian zombie (Crypt:2)
  A catoblepas zombie (Hell)
  2 emperor scorpion zombies
  2 rime drakes (shapeshifter)
  A white draconian zombie (Crypt:2)
  2 kobold demonologists
  4 rime drakes
  A storm dragon simulacrum (Vaults:3)
  7 komodo dragons
  7 efreet
  14 hellions
  55 demonic crawlers
  42 hellwings
  44 yaktaurs
  23 tormentors (Pan)
  3 komodo dragons (shapeshifter)
  8 ice devils
  A hydra zombie (Hell)
  A merfolk (shapeshifter) (Vaults:4)
  36 red devils
  6 tengu conjurers
  13 guardian mummies (Tomb:1)
  56 jumping spiders
  A catoblepas skeleton (Pan)
  A harpy zombie (Hell)
  A wind drake (shapeshifter) (D:13)
  25 hornets
  A polar bear (Lair:3)
  3 meliai (Spider:4)
  2 harpy skeletons
  A wolf spider simulacrum (IceCv)
  A queen bee (Spider:4)
  9 tyrant leeches
  11 bog bodies
  2 meliai (shapeshifter)
  Grinder (D:3)
  9 trolls
  3 hydra skeletons (Hell)
  A blink frog (shapeshifter) (Vaults:4)
  44 slime creatures
  An ice dragon zombie (Crypt:1)
  A death drake skeleton (Crypt:2)
  17 blink frogs
  15 hippogriffs
  A stone giant simulacrum (Vaults:1)
  2 ettin skeletons
  An ettin zombie (Hell)
  11 fire dragon skeletons
  A black mamba zombie (Crypt:3)
  108 redbacks
  5 air elementals
  6 vampires
  10 spriggans
  Eustachio (D:4)
  36 tarantellas
  Sigmund (D:5)
  7 water elementals
  12 wraiths
  13 shadows
  2 alligator skeletons
  2 hogs (D:15)
  59 yaks
  11 wyverns
  67 ynoxinuls (Pan)
  6 fire bats
  4 golden eyes (Pan)
  An ushabti (Tomb:1)
  3 basilisks
  3 hungry ghosts
  17 fire elementals
  27 neqoxecs (Pan)
  A death yak simulacrum (IceCv)
  36 vampire mosquitoes
  47 chaos spawn (Pan)
  10 swamp worms
  A hydra simulacrum (Hell)
  5 nagas (D:15)
  15 wargs
  28 insubstantial wisps
  A soldier ant (D:14)
  19 water moccasins
  57 large abominations
  6 acid dragons
  9 porcupines
  5 hell hounds
  6 floating eyes
  A spiny frog zombie (Hell)
  A sky beast (shapeshifter) (D:14)
  A spiny frog skeleton (Hell)
  A porcupine (shapeshifter) (Vaults:2)
  6 swamp drakes
  An alligator simulacrum (Hell)
  28 orc warriors
  2 black bears
  8 ice beasts
  A phantom (D:8)
  A black bear (shapeshifter) (D:14)
  2 eyes of draining
  An elephant zombie (Crypt:2)
  A swamp dragon zombie (Crypt:1)
  An eye of draining (shapeshifter) (Vaults:2)
  2 slaves (D:6)
  A blink frog zombie (Crypt:1)
  A snapping turtle zombie (Crypt:3)
  10 boggarts
  31 ogres
  A wolf (shapeshifter) (Vaults:1)
  19 wolves
  26 centaurs
  10 necrophages
  16 crocodiles
  6 big kobolds
  Blork the orc (D:4)
  29 bullfrogs
  2 elf zombies
  5 earth elementals
  A gnoll sergeant (D:8)
  An elf skeleton (D:7)
  A warg zombie (Crypt:1)
  4 scorpions
  A troll zombie (D:7)
  A spriggan zombie (Crypt:2)
  A human simulacrum (Vaults:1)
  19 killer bees
  10 wights
  7 electric eels
  17 crimson imps
  4 draconian simulacra (IceCv)
  9 hounds
  35 orc priests
  3 bullfrog skeletons
  2 jellies
  7 centaur skeletons
  4 human zombies (D:7)
  6 iguanas
  Terence (D:3)
  20 orc wizards
  A basilisk skeleton (Crypt:1)
  5 hell rats
  A polar bear simulacrum (IceCv)
  8 worker ants
  A spriggan simulacrum (IceCv)
  6 troll simulacra (IceCv)
  A wolf simulacrum (IceCv)
  3 centaur simulacra (IceCv)
  A hound zombie (Crypt:1)
  2 hound skeletons
  4 mummies (Tomb:1)
  A worker ant zombie (D:10)
  2 howler monkey skeletons
  8 gnolls
  2 naga simulacra (IceCv)
  6 river rats (D:6)
  8 adders
  4 ogre simulacra (IceCv)
  3 shadow imps
  12 white imps (IceCv)
  An ooze (D:2)
  4 adder skeletons
  5 worms
  A barachi zombie (Crypt:1)
  6 dart slugs
  2 leopard geckos
  119 orcs
  3 ball pythons
  8 giant cockroaches
  12 goblins
  14 hobgoblins
  9 jackals
  26 kobolds
  4 quokkas
  9 bats
  5 frilled lizards
  A goblin zombie (Crypt:1)
  A leopard gecko zombie (Crypt:1)
  26 rats
  5 briar patches
  3 crawling corpses (Elf:3)
3958 creatures vanquished.

Vanquished Creatures (collateral kills)
  Cerebov (Pan)
  An Executioner (Pan)
  6 daevas (Pan)
  A curse skull (Pan)
  A cacodemon (Pan)
  An ophan (Pan)
  An apis (Pan)
  A lorocyproca (Pan)
  A minotaur (Gauntlet)
  A soul eater (Pan)
  2 cherubim (Pan)
  A shadow wraith (Pan)
  An iron dragon skeleton (Pan)
  An eye of devastation (Pan)
  A demonic crawler (Pan)
  A hydra skeleton (Pan)
  An eye of draining (Pan)
23 creatures vanquished.

Vanquished Creatures (others)
  A draconian annihilator (Pan)
  A blood saint (Pan)
  A green death (Pan)
  A hydra (Swamp:4)
  An alligator (Swamp:4)
  2 sun demons (Pan)
  A swamp dragon (Swamp:4)
  2 deep elf archers (Vaults:4)
  An orb spider (Spider:1)
  A deep elf mage (Elf:1)
  A centaur zombie (D:15)
  A torpor snail (Spider:2)
  A smoke demon (Pan)
  4 yaktaurs
  A hellwing (Pan)
  A red devil (Elf:1)
  A bog body (Swamp:4)
  A wyvern (Lair:6)
  A fire elemental (Hell)
  4 vampire mosquitoes
  A warg (Vaults:3)
  A water moccasin (Lair:6)
  2 ogres
  3 centaurs
  2 ball lightnings (Pan)
  An orc (Orc:1)
  4 briar patches
  A bush (Lair:6)
  14 fungi
  24 plants
81 creatures vanquished.

Grand Total: 4062 creatures vanquished

Notes
Turn   | Place    | Note
-------+----------+-------------------------------------------
     0 | D:1      | Ponchio the Gargoyle Fighter began the quest for the Orb.
     0 | D:1      | Reached XP level 1. HP: 14/14 MP: 1/1
   125 | D:1      | Reached XP level 2. HP: 19/19 MP: 2/2
   461 | D:1      | Reached XP level 3. HP: 24/24 MP: 3/3
   702 | D:1      | Gained mutation: You expend magic power (3 MP) to
                  | strengthen your wands. [potion of mutation]
   702 | D:1      | Gained mutation: Your flesh is cold resistant. (rC+)
                  | [potion of mutation]
   702 | D:1      | Gained mutation: Your spells are a little harder to cast,
                  | but a little more powerful. [potion of mutation]
   881 | D:2      | Found a stormy altar of Qazlal.
  1001 | D:2      | You fall into a shaft and drop 2 floors!
  1098 | D:4      | Found a stormy altar of Qazlal.
  1162 | D:4      | Reached XP level 4. HP: 30/30 MP: 4/4
  1168 | D:4      | Found an iron altar of Okawaru.
  1204 | D:3      | Noticed Grinder
  1631 | D:2      | Reached XP level 5. HP: 34/34 MP: 5/5
  1923 | D:2      | Reached skill level 5 in Fighting
  2071 | D:3      | Noticed Terence
  2090 | D:3      | Killed Terence
  2207 | D:3      | Paralysed by Grinder for 2 turns
  2211 | D:3      | Killed Grinder
  2211 | D:3      | Reached skill level 5 in Maces & Flails
  2211 | D:3      | Reached XP level 6. HP: 17/41 MP: 6/6
  2619 | D:4      | Noticed Eustachio
  2635 | D:4      | Killed Eustachio
  2635 | D:4      | Reached XP level 7. HP: 47/47 MP: 7/7
  2695 | D:4      | You fall into a shaft and drop 2 floors!
  2828 | D:5      | Entered Level 5 of the Dungeon
  3357 | D:5      | Reached XP level 8. HP: 32/53 MP: 8/8
  3624 | D:5      | Found Tuaxyfy's Antique Weapon Shop.
  3632 | D:5      | Noticed Blork the orc
  3669 | D:4      | Killed Blork the orc
  3853 | D:5      | Got a citrine-encrusted ring mail
  3864 | D:5      | Identified the +2 ring mail "Giffim" {rPois rF++ rC+ Int-5}
                  | (You found it on level 5 of the Dungeon)
  3943 | D:5      | Found a shattered altar of Ashenzari.
  3943 | D:5      | Found a blossoming altar of Fedhas.
  3966 | D:5      | Noticed Sigmund
  4014 | D:5      | Killed Sigmund
  4452 | D:6      | Noticed Pikel
  5080 | D:6      | Killed Pikel
  5080 | D:6      | Reached XP level 9. HP: 60/61 MP: 9/9
  5364 | D:6      | Found the +2 ratskin cloak {+Rats rPois rN+ Str-1 Int-1
                  | Dex+1}
  5711 | D:5      | Bought a smoking hand axe for 264 gold pieces
  5711 | D:5      | Identified the cursed +0 hand axe of Coteppap {chop, rF+
                  | MP+9} (You bought it in a shop on level 5 of the Dungeon)
  5914 | D:7      | Found a staircase to the Ecumenical Temple.
  5923 | Temple   | Entered the Ecumenical Temple
  5949 | Temple   | Became a worshipper of the Shining One
  6127 | D:7      | Found a sacrificial altar of Ru.
  6273 | D:7      | Reached skill level 10 in Maces & Flails
  6368 | D:7      | Found a flagged portal.
  6377 | Bailey   | Entered a bailey
  6393 | Bailey   | Noticed an orc warlord
  6495 | Bailey   | Noticed an orc knight
  6562 | D:7      | Noticed an orc sorcerer
  6577 | D:7      | Noticed an orange demon
  6585 | D:7      | Killed an orc sorcerer
  6585 | D:7      | Reached skill level 1 in Dodging
  6585 | D:7      | Reached XP level 10. HP: 55/66 MP: 10/10
  6763 | D:7      | Reached * piety under the Shining One
  6846 | D:7      | Found an ancient bone altar of Kikubaaqudgha.
  7207 | D:8      | Reached skill level 5 in Armour
  7207 | D:8      | Reached skill level 5 in Shields
  7383 | D:8      | Reached ** piety under the Shining One
  7845 | D:8      | Found a shimmering blue altar of Sif Muna.
  8095 | D:9      | Got a scorched flail
  8096 | D:9      | Identified the +1 flail of Instant Death {speed, *Slow rC++
                  | Str+3 Dex+9} (You found it on level 9 of the Dungeon)
  8193 | D:9      | Noticed a manticore
  8205 | D:9      | Killed a manticore
  8248 | D:9      | Noticed a two-headed ogre
  8286 | D:9      | Killed a two-headed ogre
  8286 | D:9      | Reached skill level 5 in Dodging
  8502 | D:9      | Reached XP level 11. HP: 65/71 MP: 11/11
  8671 | D:10     | Entered Level 10 of the Dungeon
  8675 | D:10     | Noticed Joseph
  8685 | D:10     | Killed Joseph
  8737 | D:10     | Found a staircase to the Orcish Mines.
  8951 | D:10     | Found a portal to a secret trove of treasure.
  9018 | D:10     | Reached *** piety under the Shining One
  9490 | D:10     | Noticed a two-headed ogre
  9505 | D:10     | Killed a two-headed ogre
  9620 | Orc:1    | Entered Level 1 of the Orcish Mines
  9937 | Orc:2    | Entered Level 2 of the Orcish Mines
 10100 | Orc:2    | Noticed an orc high priest
 10548 | Orc:2    | Killed an orc high priest
 10548 | Orc:2    | Reached skill level 1 in Invocations
 10772 | Orc:2    | Noticed an orc sorcerer
 10801 | Orc:2    | Killed an orc sorcerer
 10849 | Orc:2    | Noticed an orc high priest
 10876 | Orc:2    | Killed an orc high priest
 10876 | Orc:2    | Reached skill level 2 in Invocations
 10940 | Orc:2    | Noticed an orc high priest
 11062 | Orc:2    | Noticed a sun demon
 11067 | Orc:2    | Killed an orc high priest
 11067 | Orc:2    | Reached **** piety under the Shining One
 11067 | Orc:2    | Reached XP level 12. HP: 65/76 MP: 13/13
 11123 | Orc:2    | Noticed an orc high priest
 11141 | Orc:2    | Noticed a soul eater
 11141 | Orc:2    | Killed an orc high priest
 11183 | Orc:2    | Noticed an orc high priest
 11191 | Orc:2    | Noticed a sun demon
 11202 | Orc:2    | Killed an orc high priest
 11362 | Orc:2    | Found Woogestu's Armour Shop.
 11362 | Orc:2    | Found Jiazih's Antique Armour Shoppe.
 11414 | Orc:2    | Found a roughly hewn altar of Beogh.
 11483 | Orc:2    | Noticed an orc high priest
 11496 | Orc:2    | Noticed an orc high priest
 11505 | Orc:2    | Noticed a sun demon
 11531 | Orc:2    | Noticed a soul eater
 11535 | Orc:2    | Noticed a sun demon
 11536 | Orc:2    | Noticed a sun demon
 11754 | Orc:2    | Killed an orc high priest
 11917 | Orc:2    | Found a staircase to the Elven Halls.
 11934 | Orc:2    | Killed an orc high priest
 12001 | Orc:2    | Found Korphap's Assorted Antiques.
 12001 | Orc:2    | Found Piull's Assorted Antiques.
 12021 | Orc:2    | Reached ***** piety under the Shining One
 12141 | Orc:2    | Bought a polished chain mail for 266 gold pieces
 12151 | Orc:2    | Identified the +8 chain mail of Petinkux {*Corrode rElec
                  | rF+ rC+} (You bought it in a shop on level 2 of the Orcish
                  | Mines)
 12212 | Orc:2    | Bought a scroll of magic mapping for 98 gold pieces
 12212 | Orc:2    | Bought a scroll of blinking for 210 gold pieces
 12735 | Orc:1    | Found a roughly hewn altar of Beogh.
 12792 | Orc:1    | Found Lareas's Distillery.
 12898 | Orc:1    | Bought a potion of might for 64 gold pieces
 12898 | Orc:1    | Bought a potion of agility for 64 gold pieces
 12898 | Orc:1    | Bought a potion of heal wounds for 80 gold pieces
 12898 | Orc:1    | Bought a potion of heal wounds for 80 gold pieces
 12898 | Orc:1    | Bought a potion of agility for 64 gold pieces
 12898 | Orc:1    | Bought a potion of heal wounds for 80 gold pieces
 13089 | D:11     | Found a staircase to the Lair.
 13109 | D:11     | Reached skill level 10 in Shields
 13127 | D:11     | Reached skill level 10 in Dodging
 13193 | D:11     | Reached skill level 10 in Fighting
 13199 | D:11     | Reached skill level 3 in Invocations
 13291 | D:11     | Noticed Erica
 13305 | D:11     | Killed Erica
 13305 | D:11     | Reached XP level 13. HP: 29/82 MP: 15/15
 13602 | D:11     | Noticed Psyche
 13616 | D:11     | Killed Psyche
 13768 | Lair:1   | Entered Level 1 of the Lair of Beasts
 13827 | Lair:1   | Reached skill level 4 in Invocations
 15093 | Lair:2   | Reached skill level 5 in Invocations
 16293 | Lair:3   | Found a frozen archway.
 16310 | IceCv    | Entered an ice cave
 16350 | IceCv    | Gained mutation: Your large and strong wings let you fly
                  | indefinitely. [Gargoyle growth]
 16350 | IceCv    | Reached XP level 14. HP: 90/90 MP: 18/18
 16438 | IceCv    | Reached skill level 6 in Invocations
 16567 | IceCv    | Reached ****** piety under the Shining One
 16796 | IceCv    | Found the +0 pair of fencer's gloves {Riposte Dex+3}
 16895 | IceCv    | Found an ancient bone altar of Kikubaaqudgha.
 17693 | Lair:3   | Found a hole to the Spider Nest.
 18302 | Lair:4   | Found a staircase to the Swamp.
 18859 | Lair:4   | You are sucked into a shaft and drop 2 floors!
 18859 | Lair:6   | Entered Level 6 of the Lair of Beasts
 18895 | Lair:6   | Reached skill level 7 in Invocations
 20390 | Lair:6   | Found a staircase to the Slime Pits.
 20671 | Lair:6   | Reached XP level 15. HP: 84/96 MP: 20/20
 20969 | Lair:6   | Reached skill level 8 in Invocations
 23355 | D:13     | Noticed Jorgrun
 23372 | D:13     | Killed Jorgrun
 23533 | D:13     | Found a gate leading to a gauntlet.
 23542 | Gauntlet | Entered a Gauntlet
 23542 | Gauntlet | Found a transporter.
 23546 | Gauntlet | Found a transporter.
 23550 | Gauntlet | Found a transporter.
 23550 | Gauntlet | Found a transporter.
 23553 | Gauntlet | Found a transporter.
 23554 | Gauntlet | Found a transporter.
 23570 | Gauntlet | Found a transporter.
 23573 | Gauntlet | Found the macabre finger necklace {rN+}
 23587 | Gauntlet | Found a transporter.
 23610 | Gauntlet | Found a transporter.
 23614 | Gauntlet | Found a transporter.
 23626 | Gauntlet | Found a transporter.
 23672 | Gauntlet | Found a transporter.
 23839 | Gauntlet | Got a steaming tin ring
 23841 | Gauntlet | Identified the ring "Yrulue" {Dex+7 SInv} (You found it in
                  | a Gauntlet)
 23889 | Gauntlet | Identified Sif Muna's Handbook of Bewitching Toxins
 23932 | Gauntlet | Identified the cursed +3 lajatang of the Pits of Slime
                  | {flame, rF+ Int+2}
 23989 | Gauntlet | Got a translucent scale mail
 24002 | Gauntlet | Identified the cursed +1 scale mail "Semuol" {-Tele rElec
                  | rF+++} (You found it in a Gauntlet)
 25282 | D:13     | Identified a scroll of acquirement
 25283 | D:13     | Found the +15 Maxwell's patent armour {-Cast -Tele rElec
                  | MR+ rCorr}
 25888 | D:14     | Found a gate to the Vaults.
 25956 | D:14     | Reached XP level 16. HP: 76/103 MP: 22/22
 26133 | D:14     | Identified the Grimoire of Quantum Conjuration
 26150 | D:14     | Found a sparkling altar of Nemelex Xobeh.
 26191 | D:14     | Reached skill level 9 in Invocations
 26464 | D:15     | Entered Level 15 of the Dungeon
 26506 | D:15     | Paralysed by a floating eye for 4 turns
 26514 | D:15     | Paralysed by a floating eye for 2 turns
 26525 | D:15     | Paralysed by a floating eye for 2 turns
 26654 | D:15     | Found a hide-covered altar of Uskayaw.
 26678 | D:15     | Paralysed by a floating eye for 3 turns
 26771 | D:15     | Noticed Azrael
 26829 | D:15     | Killed Azrael
 26832 | D:15     | Paralysed by a floating eye for 3 turns
 26999 | D:15     | Found a shadowy altar of Dithmenos.
 27173 | D:15     | Found a burning altar of Makhleb.
 27288 | D:15     | Got a translucent tin ring
 27291 | D:15     | Identified the ring of Knowledge {+Fly Int+5} (You found it
                  | on level 15 of the Dungeon)
 27690 | D:15     | Reached skill level 10 in Invocations
 27765 | D:15     | Got a fine bone ring
 27767 | D:15     | Identified the cursed ring of Wenav {rElec rF+ rC- Int-3}
                  | (You found it on level 15 of the Dungeon)
 27894 | D:15     | Noticed a tengu reaver
 27938 | D:15     | Killed a tengu reaver
 27947 | D:15     | Got an encrusted leather armour
 27948 | D:15     | Identified the +2 leather armour "Etuto" {*Corrode rElec
                  | rF+ SInv} (You found it on level 15 of the Dungeon)
 28173 | D:15     | Found a staircase to the Depths.
 28201 | D:15     | Reached XP level 17. HP: 102/110 MP: 24/24
 28222 | D:15     | Noticed Kirke
 28244 | D:15     | Killed Kirke
 28373 | D:15     | Got a clouded lapis lazuli ring
 28375 | D:15     | Identified the ring of Immorality {rC+ Str+4 Stlth+} (You
                  | found it on level 15 of the Dungeon)
 28404 | Depths:1 | Entered Level 1 of the Depths
 28757 | Depths:1 | Found a gateway to a ziggurat.
 29351 | Depths:1 | Found a one-way gate to the infinite horrors of the Abyss.
 29358 | Depths:1 | Noticed a lich
 29392 | Depths:1 | Killed a lich
 29415 | Depths:1 | Reached skill level 11 in Invocations
 30439 | D:10     | You paid a toll of +3 fire dragon scales to enter a
                  | treasure trove
 30440 | Trove    | Entered a treasure trove
 30444 | Trove    | Found the +8 longbow "Zephyr" {speed, Dex+3 SInv}
 30448 | Trove    | Got a pitted cloak
 30460 | Trove    | Got a bloodstained troll leather armour
 30475 | D:10     | Identified the +0 cloak "Wyutiemo" {rCorr Str-3 Int+2} (You
                  | found it in a treasure trove)
 30476 | D:10     | Identified the cursed +0 troll leather armour of Infinity
                  | {Regen+ Dex+3} (You found it in a treasure trove)
 30597 | Spider:1 | Entered Level 1 of the Spider Nest
 31961 | Spider:2 | Reached XP level 18. HP: 112/118 MP: 26/26
 32056 | Spider:2 | Got a scorched rapier
 32057 | Spider:2 | Identified the cursed +0 rapier "Tuhu" {speed, Dex+2 SInv}
                  | (You found it on level 2 of the Spider Nest)
 32211 | Spider:2 | Reached skill level 15 in Shields
 32499 | Spider:2 | Reached skill level 15 in Fighting
 33431 | Spider:3 | Noticed Arachne
 33504 | Spider:2 | Killed Arachne
 33530 | Spider:3 | Found a runed translucent door.
 33531 | Spider:3 | Noticed Honosyedgha's ghost (adept GrBe)
 33590 | Spider:3 | Reached skill level 12 in Invocations
 33732 | Spider:3 | Reached skill level 15 in Maces & Flails
 33972 | Spider:3 | Killed Honosyedgha's ghost
 34000 | Spider:4 | Entered Level 4 of the Spider Nest
 34058 | Spider:4 | Reached skill level 15 in Dodging
 35022 | Spider:4 | Reached XP level 19. HP: 114/125 MP: 28/28
 36411 | Spider:4 | Reached skill level 13 in Invocations
 36796 | Spider:4 | Got a gossamer rune of Zot
 36941 | Spider:4 | Noticed Bai Suzhen
 37171 | Spider:4 | Killed Bai Suzhen
 37280 | Spider:4 | Found a runed translucent gate.
 37280 | Spider:4 | Found a runed translucent gate.
 37280 | Spider:4 | Found a runed translucent gate.
 37285 | Spider:4 | Noticed Tacit's ghost (journeyman GrMo)
 37285 | Spider:4 | Noticed Beldrama's ghost (adept MfSu)
 37289 | Spider:4 | Found the +8 arc blade {discharge, rElec}
 37311 | Spider:4 | Killed Tacit's ghost
 37338 | Spider:4 | Killed Beldrama's ghost
 37516 | Swamp:1  | Entered Level 1 of the Swamp
 38070 | Swamp:1  | Noticed Roxanne
 38110 | Swamp:1  | Killed Roxanne
 39516 | Swamp:3  | Found a transporter.
 39835 | Swamp:3  | Found a transporter.
 39835 | Swamp:3  | Noticed Ysuot's ghost (journeyman OpWn)
 40734 | Swamp:4  | Entered Level 4 of the Swamp
 40847 | Swamp:4  | Reached XP level 20. HP: 133/133 MP: 30/30
 40906 | Swamp:4  | Reached skill level 14 in Invocations
 41782 | Swamp:4  | Got a decaying rune of Zot
 42224 | Elf:1    | Entered Level 1 of the Elven Halls
 42248 | Elf:1    | Found Setieg's General Store.
 42550 | Elf:1    | Cast into level 3 of the Abyss (a deep elf demonologist)
 42596 | Elf:1    | Escaped the Abyss
 43965 | Elf:3    | Entered Level 3 of the Elven Halls
 44027 | Elf:2    | Reached skill level 15 in Invocations
 44219 | Elf:2    | Found Eqones's Gadget Boutique.
 44220 | Elf:2    | Found Asuffil's Jewellery Emporium.
 44221 | Elf:2    | Found Laempoff's Gadget Boutique.
 44335 | Elf:2    | Found a runed translucent gate.
 44339 | Elf:2    | Found a runed translucent gate.
 44339 | Elf:2    | Found a runed translucent gate.
 44383 | Elf:2    | Reached XP level 21. HP: 137/140 MP: 32/32
 45636 | Elf:3    | Found Sewoc's Jewellery Boutique.
 45662 | Elf:3    | Bought the ring of Ingiah {+Fly rElec MR++ Stlth-} for 448
                  | gold pieces
 46350 | Elf:3    | Identified the ring "Odeup" {rElec rPois rF+ Dex-5 SInv}
 47766 | Elf:3    | Identified the cursed +0 scimitar "Iklizohypp" {speed, rF+
                  | rC+ Dex+3 SInv}
 48477 | Elf:3    | Found the +1 cloak of Starlight {rElec rC+ EV+4 Stlth--}
 48501 | Elf:3    | Identified the Catalogue of the Compass and Fire
 48886 | Vaults:1 | Entered Level 1 of the Vaults
 49061 | Vaults:1 | Reached skill level 16 in Invocations
 49117 | Vaults:1 | Reached XP level 22. HP: 143/148 MP: 34/34
 51021 | Vaults:2 | Noticed Aizul
 51047 | Vaults:2 | Killed Aizul
 51461 | Vaults:2 | Noticed Mara
 51461 | Vaults:2 | Noticed Asterion
 51468 | Vaults:2 | Noticed Ponchio's illusion
 51481 | Vaults:2 | Killed Asterion
 51506 | Vaults:2 | Killed Mara
 51873 | Temple   | Identified a +4 sacred scourge of holy wrath (a +2 demon
                  | whip of electrocution blessed by the Shining One)
 51873 | Temple   | Received a gift from the Shining One
 52262 | Vaults:2 | Paralysed by a floating eye for 2 turns
 52628 | Vaults:2 | Got a translucent copper ring
 52652 | Vaults:2 | Identified the ring "Ynenir" {rPois rF+ Int+6} (You found
                  | it on level 2 of the Vaults)
 52657 | Vaults:2 | Got a clouded brass ring
 52658 | Vaults:2 | Identified the ring "Acuyloc" {rN+ MR++ Dex+4} (You found
                  | it on level 2 of the Vaults)
 52746 | Vaults:2 | Reached XP level 23. HP: 155/155 MP: 35/35
 52905 | Vaults:2 | Found a staircase to the Crypt.
 52905 | Vaults:2 | Found a basalt altar of Yredelemnul.
 52906 | Vaults:2 | Found an ancient bone altar of Kikubaaqudgha.
 53187 | Crypt:1  | Entered Level 1 of the Crypt
 53204 | Crypt:1  | Noticed Mennas
 53212 | Crypt:1  | Reached skill level 17 in Invocations
 53304 | Crypt:1  | Killed Mennas
 53463 | Crypt:1  | Found a shimmering altar of Xom.
 53476 | Crypt:1  | Got an ivory glaive
 53477 | Crypt:1  | Identified the +3 glaive of Disgust {protect, MR- Str+4}
                  | (You found it on level 1 of the Crypt)
 54010 | Crypt:2  | Noticed Donald
 54021 | Crypt:2  | Killed Donald
 54399 | Crypt:3  | Entered Level 3 of the Crypt
 55062 | Crypt:3  | Found a staircase to the Tomb.
 55062 | Crypt:3  | Noticed an ancient lich
 55070 | Crypt:3  | Killed an ancient lich
 55450 | Crypt:3  | Found an ancient bone altar of Kikubaaqudgha.
 55498 | Crypt:3  | Got a pitted lajatang
 55499 | Crypt:3  | Identified the +7 lajatang "Buyreppo" {distort, *Corrode
                  | rPois Str+4} (You found it on level 3 of the Crypt)
 55562 | Crypt:3  | Noticed an ancient lich
 55569 | Crypt:3  | Killed an ancient lich
 55569 | Crypt:3  | Reached XP level 24. HP: 162/162 MP: 35/35
 56005 | Tomb:1   | Entered Level 1 of the Tomb of the Ancients
 56499 | Tomb:1   | Reached skill level 18 in Invocations
 56662 | Tomb:1   | Noticed a greater mummy
 56673 | Tomb:1   | Killed a greater mummy
 56798 | Tomb:1   | Got a translucent granite ring
 56799 | Tomb:1   | Identified the ring "Doistiy" {rF++ Str-4 Dex+4 Stlth+}
                  | (You found it on level 1 of the Tomb of the Ancients)
 57767 | Vaults:3 | Found Suw Fip's Assorted Antiques.
 58308 | Vaults:3 | You are sucked into a shaft and drop 1 floor!
 59058 | Vaults:4 | Reached XP level 25. HP: 169/169 MP: 36/36
 60330 | Vaults:3 | Got a coiled lapis lazuli ring
 60331 | Vaults:3 | Identified the ring of the Madman {rElec rC+} (You found it
                  | on level 3 of the Vaults)
 60839 | Depths:1 | Found a gateway to Hell.
 61348 | Depths:2 | Reached skill level 19 in Invocations
 61371 | Depths:2 | Paralysed by a floating eye for 2 turns
 61378 | Depths:2 | Paralysed by a floating eye for 3 turns
 62098 | Depths:2 | Found Bentakh's Gadget Shoppe.
 62302 | Depths:2 | Got a polished helmet
 62313 | Depths:2 | Identified the +0 helmet of Depression {*Contam rPois MR+++
                  | Dex+4} (You acquired it on level 2 of the Depths)
 63176 | Depths:3 | Found a one-way gate leading to the halls of Pandemonium.
 63534 | Depths:3 | Reached XP level 26. HP: 126/177 MP: 36/36
 64918 | Depths:4 | Found a runed translucent door.
 64919 | Depths:4 | Found a runed translucent door.
 64919 | Depths:4 | Noticed a juggernaut
 64920 | Depths:4 | Found the +7 Singing Sword {slice, sonic wave}
 65747 | Depths:4 | Identified the +9 morningstar of Responsibility {protect,
                  | Dex+3}
 66112 | Depths:5 | Entered Level 5 of the Depths
 66276 | Depths:4 | Killed a juggernaut
 66336 | Depths:4 | Found a runed translucent door.
 66336 | Depths:4 | Found a runed translucent door.
 66377 | Depths:4 | Got a vibrating jade ring
 66439 | Depths:4 | Got a slimy leather armour
 66444 | Depths:4 | Identified the ring "Tose" {rElec Str+4 Int-2 Slay+5
                  | Stlth+} (You found it on level 4 of the Depths)
 66448 | Depths:4 | Identified the +2 leather armour of the Stag {MR+} (You
                  | found it on level 4 of the Depths)
 66615 | Depths:5 | Found a gate to the Realm of Zot.
 66626 | Depths:5 | Reached skill level 20 in Invocations
 67438 | Depths:5 | Reached XP level 27. HP: 180/184 MP: 37/37
 67729 | Hell     | Entered the Vestibule of Hell
 67729 | Hell     | Noticed Geryon
 67809 | Hell     | Killed Geryon
 67905 | Hell     | Found a gateway to the Iron City of Dis.
 67959 | Hell     | Found a gateway to the freezing wastes of Cocytus.
 68130 | Hell     | Found a gateway to the decaying netherworld of Tartarus.
 68336 | Hell     | Found a gateway to the ashen valley of Gehenna.
 69309 | Depths:4 | Got a brightly glowing lajatang
 69359 | Hell     | Identified the +7 lajatang "Visiuc" {flame, *Rage rElec
                  | Str+10} (You found it on level 4 of the Depths)
 69570 | Pan      | Entered Pandemonium
 69671 | Pan      | Gained mutation: You have sharp toenails. [a cacodemon]
 69673 | Pan      | Gained mutation: You are dopey. (Int -2) [a cacodemon]
 69681 | Pan      | Gained mutation: You are weak. (Str -2) [a cacodemon]
 69852 | Pan      | Reached skill level 10 in Armour
 69913 | Pan      | Found an exit through the horrors of the Abyss.
 70144 | Pan      | Noticed Vapizer the pandemonium lord
 70158 | Pan      | Killed Vapizer the pandemonium lord
 70511 | Pan      | Found a runed translucent door.
 70590 | Pan      | Lost intelligence.
 70811 | Pan      | Gained mutation: You are clumsy. (Dex -2) [a cacodemon]
 70947 | Pan      | Noticed Viagram the pandemonium lord
 70973 | Pan      | Killed Viagram the pandemonium lord
 70986 | Pan      | Lost mutation: Your spells are a little harder to cast, but
                  | a little more powerful. [a neqoxec]
 71194 | Pan      | Noticed Jukhing the pandemonium lord
 71213 | Pan      | Killed Jukhing the pandemonium lord
 71213 | Pan      | Reached skill level 15 in Armour
 71676 | Pan      | Identified the Grimoire of Boosting Evil Rites
 72013 | Pan      | Entered the realm of Cerebov.
 72091 | Pan      | Identified the +6 sword of Cerebov {flame}
 72091 | Pan      | Noticed Cerebov
 72335 | Pan      | Identified the +10 scimitar "Riafonerch" {elec, +Rage MP+9
                  | Int+3}
 72635 | Pan      | Identified the +10 whip "Oskaowah" {slash, +Blink}
 73282 | Pan      | Killed Cerebov
 73332 | Pan      | Identified the Catalogue of Heat and Talismans
 73355 | Pan      | Identified the Tome of Doomed Execration
 73379 | Pan      | Identified the Handbook of Flight and Summoning
 73393 | Pan      | Identified the +8 scimitar of Joyful Slaughter {speed, rN+
                  | Int+6}
 73407 | Pan      | Got a fiery rune of Zot
 73828 | Pan      | Noticed Tizazik the pandemonium lord
 73840 | Pan      | Killed Tizazik the pandemonium lord
 73853 | Pan      | Gained mutation: Your body sometimes deteriorates upon
                  | taking damage. [a cacodemon]
 74507 | Pan      | Noticed Xafun the pandemonium lord
 74534 | Pan      | Killed Xafun the pandemonium lord
 74656 | Pan      | Found an exit through the horrors of the Abyss.
 74922 | Pan      | Got an iridescent quarterstaff
 75549 | Pan      | Noticed Digoodol the pandemonium lord
 75557 | Pan      | Killed Digoodol the pandemonium lord
 75628 | Pan      | Got a heavily runed sapphire amulet
 76569 | Pan      | Paralysed by accursed screaming for 2 turns
 76579 | Pan      | Paralysed by accursed screaming for 1 turns
 76861 | Pan      | Found a huge runed translucent gate.
 76862 | Pan      | Found a huge runed translucent gate.
 76863 | Pan      | Found a huge runed translucent gate.
 76864 | Pan      | Found a huge runed translucent gate.
 76871 | Pan      | Found a huge runed translucent gate.
 76871 | Pan      | Found a huge runed translucent gate.
 77065 | Pan      | Found a huge runed translucent gate.
 77066 | Pan      | Noticed Heocvuse the pandemonium lord
 77092 | Pan      | Killed Heocvuse the pandemonium lord
 77221 | Pan      | Identified the amulet "Duwouh" {Harm *Drain Stlth+} (You
                  | found it in Pandemonium)
 77223 | Pan      | Identified the +5 quarterstaff "Dragonbane" {speed, Fragile
                  | +Rage rF+++} (You found it in Pandemonium)
 77269 | Pan      | Found an exit through the horrors of the Abyss.
 77370 | Pan      | Noticed Mesyigg the pandemonium lord
 77378 | Pan      | Killed Mesyigg the pandemonium lord
 78006 | Pan      | Gained mutation: Armour fits poorly on your strangely
                  | shaped body. [a neqoxec]
 79199 | Pan      | Noticed Tulid the pandemonium lord
 79452 | Pan      | Killed Tulid the pandemonium lord
 79736 | Pan      | Entered the realm of Mnoleg.
 79753 | Pan      | Lost mutation: You are dopey. (Int -2) [a neqoxec]
 79759 | Pan      | Gained mutation: You tend to lose your temper in combat. [a
                  | neqoxec]
 79863 | Pan      | Gained mutation: You do not regenerate when monsters are
                  | visible. [a cacodemon]
 79994 | Pan      | Gained mutation: Your spells are a little easier to cast,
                  | but a little less powerful. [a neqoxec]
 80006 | Pan      | Gained mutation: Scrolls take you a little longer to read.
                  | [a neqoxec]
 80062 | Pan      | Gained mutation: Scrolls take you longer to read. [a
                  | neqoxec]
 80065 | Pan      | Gained mutation: You are very weak. (Str -4) [a shining
                  | eye]
 80298 | Pan      | Paralysed by a floating eye for 2 turns
 80432 | Pan      | Noticed Mnoleg
 80451 | Pan      | Killed Mnoleg
 80478 | Pan      | Reached skill level 21 in Invocations
 80545 | Pan      | Got a glowing rune of Zot
 81147 | Pan      | Noticed Hiqic the pandemonium lord
 81161 | Pan      | Killed Hiqic the pandemonium lord
 81794 | Pan      | Entered the realm of Gloorx Vloq.
 81935 | Pan      | Noticed Gloorx Vloq
 81959 | Pan      | Killed Gloorx Vloq
 82024 | Pan      | Got a dark rune of Zot
 82701 | Pan      | Found an exit through the horrors of the Abyss.
 82703 | Pan      | Gained mutation: You occasionally shout uncontrollably at
                  | your foes. [a neqoxec]
 82809 | Pan      | Noticed Bytzam the pandemonium lord
 82834 | Pan      | Killed Bytzam the pandemonium lord
 82874 | Pan      | Reached skill level 22 in Invocations
 83649 | Pan      | Found a runed translucent door.
 83652 | Pan      | Found a runed translucent door.
 83657 | Pan      | Found a runed translucent door.
 83664 | Pan      | Gained mutation: Scrolls take you much longer to read. [a
                  | cacodemon]
 83687 | Pan      | Found a runed translucent door.
 83848 | Pan      | Got a transparent amber ring
 83854 | Pan      | Identified the ring "Qonnoumm" {+Inv rElec rN+ SInv} (You
                  | found it in Pandemonium)
 83907 | Pan      | Found an exit through the horrors of the Abyss.
 84469 | Pan      | Noticed Laizeih the pandemonium lord
 84482 | Pan      | Killed Laizeih the pandemonium lord
 84535 | Pan      | Got a sparkling pewter ring
 84555 | Pan      | Identified the ring of the Last Deaths {rC+ Dex+3 Stlth-}
                  | (You found it in Pandemonium)
 84558 | Pan      | Entered the realm of Lom Lobon.
 84566 | Pan      | Reached skill level 23 in Invocations
 84959 | Pan      | Found an exit through the horrors of the Abyss.
 85916 | Pan      | Noticed Lom Lobon
 85967 | Pan      | Killed Lom Lobon
 86341 | Pan      | Got a magical rune of Zot
 86593 | Pan      | Noticed Bole the pandemonium lord
 86616 | Pan      | Killed Bole the pandemonium lord
 86840 | Pan      | Found an exit through the horrors of the Abyss.
 87351 | Pan      | Noticed Kifeosej the pandemonium lord
 87376 | Pan      | Killed Kifeosej the pandemonium lord
 87468 | Pan      | Found an exit through the horrors of the Abyss.
 87774 | Pan      | Reached skill level 24 in Invocations
 88058 | Pan      | Gained mutation: Your body often deteriorates upon taking
                  | damage. [a neqoxec]
 88349 | Pan      | HP: 8/184 [smoke demon/divine providence (14)]
 88440 | Pan      | Noticed Odament the pandemonium lord
 88451 | Pan      | Killed Odament the pandemonium lord
 88570 | Pan      | Identified the +7 shortbow of the Extremes {freeze, Str+7
                  | Int+2}
 90002 | Pan      | Got a demonic rune of Zot
 90190 | Pan      | Found an exit through the horrors of the Abyss.
 90212 | Pan      | Got a warped flail
 90216 | Pan      | Identified the +6 flail of Responsibility {drain, Int+3}
                  | (You found it in Pandemonium)
 90721 | Pan      | Noticed Ruojad the pandemonium lord
 90745 | Pan      | Killed Ruojad the pandemonium lord
 91306 | Pan      | Got a dazzling leather armour
 91310 | Pan      | Identified the cursed +1 leather armour "Liyclusch" {+Blink
                  | Str+6} (You found it in Pandemonium)
 91325 | Pan      | Found a huge runed translucent gate.
 91367 | Pan      | Found an exit through the horrors of the Abyss.
 91627 | Pan      | Found a huge runed translucent gate.
 91628 | Pan      | Found a huge runed translucent gate.
 91628 | Pan      | Found a huge runed translucent gate.
 91628 | Pan      | Found a huge runed translucent gate.
 91628 | Pan      | Found a huge runed translucent gate.
 91644 | Pan      | Found a huge runed translucent gate.
 91839 | Pan      | Noticed Pegatid the pandemonium lord
 91873 | Pan      | Killed Pegatid the pandemonium lord
 91883 | Pan      | Reached skill level 25 in Invocations
 93896 | Pan      | Identified the cursed +0 large shield of Blue Skies {rPois
                  | Dex+4 Slay+2}
 93916 | Pan      | Found a white marble altar of Elyvilon.
 96790 | Pan      | Identified the +5 large shield "Ucsi" {Int+3}
 97188 | Pan      | Found a glowing silver altar of Zin.
 97719 | Pan      | Reached skill level 26 in Invocations
 98259 | Pan      | Found a glowing golden altar of the Shining One.
 98259 | Pan      | Noticed a seraph
 98260 | Pan      | Identified the +7 scimitar of Tedytat {venom, rElec Dex+5}
 98267 | Pan      | Got a faintly glowing great mace
 98326 | Pan      | Identified the +7 great mace of Quewiv {flame, Int+3} (You
                  | found it in Pandemonium)
102472 | Pan      | Identified the cursed -6 large shield of the Accordion
                  | {+Inv Str+2}
102517 | Pan      | Got a translucent scimitar
102521 | Pan      | Identified the +5 scimitar of Qutroarpho {venom, rElec
                  | rC++} (You found it in Pandemonium)
103743 | Pan      | HP: 5/184 [daeva/divine providence (10)]
103744 | Pan      | The Shining One protects you from harm!
103745 | Pan      | Killed from afar by a daeva

Levels and vault maps discovered:
D:1:      dpeg_arrival_brainrot, layout_basic, minmay_misc_feat_diagonals
D:2:      layout_rooms, nicolae_overflow_crystal_walls, corexii_shack
D:3:      layout_rooms, first_ration, uniq_grinder, uniq_terence
D:4:      layout_loops_cross, okawaru_trees_1, nicolae_qazlal_general_emergency,
          uniq_eustachio
D:5:      layout_rooms, gammafunk_temple_overflow_wave, serial_shops, shop,
          chequers_serial_rivers_small_3, sigmund_army, uniq_blork_the_orc
D:6:      wander_guarded_unrand_ratskin, layout_loops_ring, uniq_pikel
D:7:      cheibrodos_wizards_tower, layout_rooms,
          nicolae_ru_great_annihilating_truth,
          lemuel_mausoleum_altar_kikubaaqudgha, minmay_temple_entry_slanted,
          enter_bailey_2, serial_curves, eino_curves_04, eino_curves_03,
          eino_curves_02
D:8:      layout_basic, lemuel_coloured_pillars_altar
D:9:      layout_big_octagon
D:10:     layout_basic, minmay_orc_entry_guard_dogs, enter_trove_1, the_bakery,
          st_stairs_4, eino_small_chamber_without_monster, uniq_joseph
D:11:     layout_rooms, lair_entry_dummy, lemuel_flamethrower_1, uniq_psyche,
          uniq_erica
D:12:     layout_gridville
D:13:     layout_loops_corners, gauntlet_entry_generic,
          ebering_dispersal_statue_hall, uniq_jorgrun
D:14:     layout_stronghold, david_vaults_2, serial_glass, glass_columns_a,
          glass_columns_b, glass_columns_b, glass_columns_a, glass_columns_b,
          glass_columns_a, glass_columns_a, glass_columns_a, glass_columns_c,
          glass_columns_b, glass_columns_a, glass_columns_a, glass_columns_a,
          glass_columns_b, david_defended_altar_elf
D:15:     hangedman_spin_cycle, serial_shops, uniq_azrael
Temple:   regret_index_temple_waves
Lair:1:   layout_roguey, beast_lair_carwin_1
Lair:2:   wander_river, layout_regular_city, nicolae_quartered_pool_super
Lair:3:   cheibrodos_lair_river_kwai, layout_cave_pods,
          nicolae_spider_entry_non_spiders, portal_ice_cave_rime,
          lemuel_old_faithful
Lair:4:   layout_cave_pods, skrybe_swamp_entry_bodies, columned_hall_lemuel
Lair:5:   layout_gridlike, hibernation_bobbens, lemuel_fruit_tree
Lair:6:   hangedman_lair_tendril_chambers, layout_gridlike,
          minmay_slime_entry_eyes
Swamp:1:  layout_falls_marsh, serial_swamp_ruin, evilmike_swamp_ruin_house_4,
          evilmike_swamp_ruin_house_6, evilmike_swamp_ruin_rubble_1,
          uniq_roxanne
Swamp:2:  layout_basic_swamp, hangedman_swamp_ruin_hall
Swamp:3:  layout_falls_marsh, gammafunk_ghost_mausoleum,
          hangedman_swamp_ruin_wall
Swamp:4:  swamp_vile, layout_basic_swamp, infiniplex_staircase_pool
Spider:1: layout_spider_delve
Spider:2: layout_spider_delve
Spider:3: layout_spider_delve, ebering_ghost_inner_flame, uniq_arachne
Spider:4: johnstein_spider_rune_arachne_lair, special_room [special_room_bee],
          gammafunk_ghost_cemetery, guppyfry_hornet_nest, uniq_bai_suzhen
Orc:1:    layout_diamond_mine, serial_shops, shop, basic_altar
Orc:2:    st_orc_town, layout_diamond_mine
Elf:1:    layout_loops_corners, serial_shops, nicolae_shop_waterfront,
          serial_sigils, serial_sigils_hangedman_writhe,
          serial_sigils_hangedman_carve, serial_sigils_hangedman_confine,
          serial_sigils_hangedman_stare, serial_sigils_hangedman_gut,
          serial_sigils_hangedman_snap, minivault_28,
          einodemon_armed_red_devil_minivault
Elf:2:    layout_geoelf_grid, lemuel_elevator, minmay_shop_grove
Elf:3:    minmay_elf_hall_curves, layout_geoelf_grid, serial_shops, shop
Vaults:1: v_alt_pattern_2, hangedman_vaults_trim, hangedman_vaults_slither,
          nicolae_vaults_little_ls, v_misc_13, v_alt_pattern_2,
          nicolae_vaults_mini_display_case, nicolae_vaults_shelves_hall,
          ontoclasm_vaults_eye, nicolae_vaults_little_squares_2,
          layout_vaults_omnigrid
Vaults:2: minmay_crypt_entry_necro_gods, hangedman_vaults_stagger,
          nicolae_vaults_diagonal_hallway_8, st_eye, v_misc_15,
          hangedman_vaults_snaps, hangedman_vaults_corner_blocks, v_pattern_5,
          vaults_room_semicircle, layout_vaults_big_room, uniq_mara, uniq_aizul,
          uniq_asterion
Vaults:3: vaults_dpeg_diagonal, ontoclasm_vaults_twist, ontoclasm_vaults_fault,
          nicolae_vaults_ring_of_whatevers, vaults_room_boxed, v_misc_14,
          grunt_vaults_hallway_long, st_hourglassy, hangedman_vaults_cutoff,
          ontoclasm_vaults_spin, hangedman_vaults_slice,
          nicolae_vaults_asterisk, layout_vaults_omnibox, serial_shops,
          nicolae_shop_statue_plus
Vaults:4: nicolae_vaults_twisting_passages, nicolae_vaults_puzzle_piece,
          v_alt_pattern_6, vaults_mumra_bighexcomb,
          hangedman_vaults_stretched_pinwheel, ontoclasm_vaults_hangar,
          nicolae_vaults_windows_and_doors_thing, layout_vaults_omnicross
Crypt:1:  layout_rooms, basic_altar, st_stairs_3, uniq_mennas
Crypt:2:  layout_rooms, uniq_donald
Crypt:3:  quadcrypt_mu
Tomb:1
Depths:1: layout_basic, enter_ziggurat_b, pf_coc_iceberg,
          hangedman_abyss_entry_splay, nrook_mini_vaults,
          minmay_misc_feat_columns, minmay_checkered_concentric_circles
Depths:2: minmay_isolated_rectangles_in_corner, layout_cave_pools, hell_entry,
          serial_shops, kennysheep_mini, corexii_leaking_fountain,
          infiniplex_staircase_spiral_double
Depths:3: cheibrodos_tormentor_scu, layout_gridlike, pan_entry, hellmouth_1,
          evilmike_butchery
Depths:4: impenetrable_vault, layout_gridville, hell_entry,
          marbit_kobold_abyss_entry, hangedman_abyss_or_decor_clamps
Depths:5: grunt_x_marks_the_spot, layout_basic, chequers_serial_rivers_micro_c,
          hell_entry, kennysheep_pointless_box
Hell
Pan:      evilmike_mini_pan_doors_b, layout_basic, pan_blood_fountain_small,
          pan_blood_fountain, rand_demon_9, layout_rooms, rand_demon_3,
          layout_gridville, pan_blood_fountain, special_room
          [special_room_demon_pit], nicolae_pan_gloorx_vloqian_2, cerebov_grunt,
          layout_rooms, nicolae_pan_gloorx_vloqian_1, rand_demon_2,
          layout_gridlike, nicolae_pan_mnolegish_3, pan_surprise,
          grunt_pan_zigzag, layout_onion_city, evilmike_mini_pan_corner,
          layout_long_grid, nicolae_pan_sigil_eeng, nicolae_pan_giant_door,
          layout_basic, evilmike_mini_pan_V, layout_irregular_city,
          pan_blood_fountain_2, evilmike_mini_pan_doors_b, layout_chambers,
          nicolae_pan_gloorx_vloqian_2, evilmike_mnoleg_eyes,
          layout_irregular_city, evilmike_mini_pan_T, layout_basic, gloorx_vloq,
          layout_gridlike, evilmike_mini_pan_V, layout_irregular_city,
          nicolae_pan_sigil_uleosi, rand_demon_7, layout_basic,
          pan_blood_fountain, pan_blood_fountain_small, lom_lobon_spiral_st,
          layout_gridville, evilmike_mini_pan_diamond, layout_long_grid,
          grunt_pan_sceptre, layout_basic, pan_blood_fountain_small,
          lemuel_hall_of_pain, layout_small_grid, pan_blood_fountain_small,
          nicolae_pan_cerebovesque_1, nicolae_pan_sigil_uleosi,
          grunt_pan_spiral, layout_pan_divisions_a [pan_division_quadrant_a4,
          pan_division_quadrant_a1, pan_division_quadrant_a6,
          pan_division_quadrant_a4, pan_division_octagon_empty],
          nicolae_pan_lom_lobonic_2, nicolae_pan_giant_door, layout_rooms,
          pan_blood_fountain_small, evilmike_holy_pan

Skill      XL: |  1  2  3  4  5  6  7  8  9 10 11 12 13 14 15 16 17 18 19 20 21 22 23 24 25 26 27 |
---------------+----------------------------------------------------------------------------------+-----
Fighting       | 4 6 7 9 10 11 12 13 14 15 16 17 18 19 20 21 22 | 22.2
Maces & Flails | 3 5 6 8 10 11 12 13 14 15 16 17 18 19 20 21 | 21.1
Armour         | 4 6 7 25 | 25.2
Dodging        | 1 5 8 10 11 12 13 14 15 16 17 18 19 20 21 25 | 25.1
Shields        | 4 6 8 10 11 12 13 14 15 23 | 23.5
Invocations    | 2 3 5 7 8 10 11 12 13 15 16 17 18 19 20 26 | 26.9

Action                   |  1- 3 |  4- 6 |  7- 9 | 10-12 | 13-15 | 16-18 | 19-21 | 22-24 | 25-27 || total
-------------------------+-------+-------+-------+-------+-------+-------+-------+-------+-------++-------
Melee: Flail             |   134 |   221 |   269 |   875 |  2419 |  2812 |  3351 |  1967 |  1799 || 13847
       Whip              |       |       |   309 |   278 |       |       |       |       |       ||   587
       Sacred scourge    |       |       |       |       |       |       |       |   705 |  3852 ||  4557
       Morningstar       |       |       |       |       |       |       |       |       |  2883 ||  2883
Invok: Divine Shield     |       |       |       |     1 |       |       |       |       |       ||     1
       Summon Divine War |       |       |       |       |     1 |       |       |       |    18 ||    19
       Brand Weapon With |       |       |       |       |       |       |       |     1 |       ||     1
       Cleansing Flame   |       |       |       |       |       |       |       |     5 |    38 ||    43
 Abil: Fly               |       |       |       |       |     1 |       |       |       |       ||     1
Evoke: Wand              |       |       |       |       |     3 |     8 |       |       |     4 ||    15
       Lightning rod     |       |       |       |       |       |     2 |       |       |       ||     2
  Use: Scroll            |     4 |     1 |    16 |     6 |     9 |    16 |     8 |    16 |    41 ||   117
       Potion            |     1 |     3 |     2 |       |     3 |     8 |     6 |     2 |    31 ||    56
  Eat: Chunk             |     1 |     5 |    10 |    19 |    26 |    18 |    16 |    14 |    26 ||   135
       Ration            |       |       |     1 |     1 |     5 |     4 |    10 |     6 |    40 ||    67
Armor: Scale mail        |    75 |       |       |       |       |       |       |       |       ||    75
       Ring mail         |     9 |   144 |   236 |   157 |   211 |   360 |   284 |   225 |   318 ||  1944
       Plate armour      |       |       |       |       |     2 |       |       |       |       ||     2
       Chain mail        |       |       |       |       |       |       |       |       |   958 ||   958
Dodge: Dodged            |    61 |   101 |   207 |   394 |   884 |  1579 |  1460 |  1157 |  4357 || 10200
       Deflected         |       |       |       |     6 |    14 |     7 |    29 |       |       ||    56
Block: Shield            |    79 |   144 |   320 |   549 |  1358 |  1956 |  1999 |  1936 |  6529 || 14870
       Reflection        |       |       |       |       |       |       |       |    64 |   159 ||   223
       Large shield      |       |       |       |       |       |       |       |       |    58 ||    58
       Rpst.: Flail      |       |       |       |       |   156 |   296 |   321 |   168 |   152 ||  1093
       Sacred scourge    |       |       |       |       |       |       |       |    81 |   273 ||   354
       Morningstar       |       |       |       |       |       |       |       |       |   246 ||   246
